 Dungeon Crawl Stone Soup version 0.23.0 (webtiles) character file.

Game seed: 17086972866925486931

12043 Dantiko the Covert (level 12, -1/74 HPs)
             Began as a Halfling Gladiator on Feb 12, 2019.
             Was a Follower of Uskayaw.
             Slain by a red ugly thing (18 damage)
             ... on level 11 of the Dungeon.
             The game lasted 00:41:47 (13866 turns).

Dantiko the Covert (Halfling Gladiator)            Turns: 13866, Time: 00:41:47

Health: -1/74      AC: 11    Str: 15    XL:     12   Next: 15%
Magic:  20/20      EV: 19    Int:  6    God:    Uskayaw [*.....]
Gold:   605        SH:  0    Dex: 21    Spells: 11/11 levels left

rFire    . . .     SeeInvis .   b - +2 dagger (venom)
rCold    + . .     Gourm    .   (shield restricted)
rNeg     . . .     Faith    .   r - +0 scale mail (curse)
rPois    .         Spirit   .   c - +0 helmet
rElec    .         Reflect  .   I - +0 cloak
rCorr    .         Harm     .   x - +0 pair of gloves
MR       .....                  M - +0 pair of boots
Stlth    ++++......             (no amulet)
HPRegen  0.22/turn              N - ring of flight
MPRegen  0.17/turn              L - ring of protection from cold

@: no status effects
A: small, mutation resistance 1
a: Stomp, Renounce Religion, Evoke Flight


You were on level 11 of the Dungeon.
You worshipped Uskayaw.
Uskayaw was aware of your devotion.
You were not hungry.

You visited 1 branch of the dungeon, and saw 11 of its levels.

You collected 605 gold pieces.

Inventory:

Hand Weapons
 b - a +2 dagger of venom (weapon)
Missiles
 d - 5 throwing nets (quivered)
 e - 222 stones
 k - 25 sling bullets
Armour
 c - a +0 helmet (worn)
 o - a +0 shield
 r - a cursed +0 scale mail (worn)
 x - a +0 pair of gloves (worn)
 I - a +0 cloak (worn)
 M - a +0 pair of boots (worn)
Jewellery
 w - an uncursed ring of magical power
 L - a ring of protection from cold (right hand)
 N - a ring of flight (left hand)
Wands
 i - a wand of scattershot (4)
 l - a wand of clouds (3)
 s - a wand of flame (11)
 y - a wand of disintegration (36)
 z - a wand of iceblast (8)
 D - a wand of enslavement (9)
 K - a wand of polymorph (10)
Scrolls
 h - a scroll of immolation
 m - 3 scrolls of teleportation
 p - a scroll of amnesia
 q - 2 scrolls of blinking
 t - 3 scrolls of magic mapping
 u - 7 scrolls of remove curse
 A - a scroll of summoning {unknown}
 C - a scroll of fog {unknown}
 E - a scroll of acquirement {unknown}
 H - a scroll of vulnerability {unknown}
 J - a scroll of fear {unknown}
 O - 2 scrolls of enchant weapon {unknown}
Potions
 g - 2 potions of brilliance
 j - a potion of might
 n - a potion of flight
 v - 2 potions of agility
 B - a potion of ambrosia
 F - a potion of berserk rage
 G - 2 potions of curing
 Q - a potion of invisibility {unknown}
 R - a potion of heal wounds {unknown}
Comestibles
 a - 6 chunks of flesh
 f - 27 rations


   Skills:
 - Level 4.1 Fighting
 - Level 10.1 Short Blades
 - Level 2.0 Throwing
 - Level 3.1 Armour
 - Level 10.0 Dodging
 + Level 10.9 Stealth
 + Level 10.8 Invocations


You had 11 spell levels left.
You didn't know any spells.
Your spell library contained the following spells:

 Spells                   Type           Power        Failure   Level  Hunger
 Animate Skeleton         Necr           N/A          88%         1    ##.....
 Apportation              Tloc           #.....       88%         1    ##.....
 Confusing Touch          Hex            #.....       88%         1    ##.....
 Pain                     Necr           #...         88%         1    ##.....
 Summon Small Mammal      Summ           #...         88%         1    ##.....
 Regeneration             Chrm/Necr      #.........   99%         3    ####...
 Vampiric Draining        Necr           #.........   99%         3    ####...
 Animate Dead             Necr           N/A          100%        4    #####..


Dungeon Overview and Level Annotations

Branches:
Dungeon (11/15)            Temple (0/1) D:7            Lair (0/6) D:10
    Orc (0/2) D:10

Altars:
Elyvilon
Fedhas
Hepliaklqana
Kikubaaqudgha
Nemelex Xobeh
Qazlal
Uskayaw
Vehumet
Xom
Zin
The Shining One


Innate Abilities, Weirdness & Mutations

You are small and have problems with some larger weapons.
You are somewhat resistant to further mutation.


Message History

The red ugly thing moves out of view.
Found a stone staircase leading down.
You hit the red ugly thing but do no damage.
The red ugly thing is poisoned.
You hit the red ugly thing but do no damage.
The red ugly thing is lightly wounded.
The red ugly thing engulfs you.
You are engulfed in flames!
You hit the red ugly thing.
The red ugly thing looks as sick as possible!
The red ugly thing is lightly wounded.
You barely miss the red ugly thing.
The red ugly thing is lightly wounded.
The red ugly thing engulfs you!
You are engulfed in flames!!
You closely miss the red ugly thing.
The red ugly thing is lightly wounded.
The red ugly thing barely misses you. The red ugly thing engulfs you!
* * * LOW HITPOINT WARNING * * *
You are engulfed in flames!!
You die...

#..# #..#
#..# #..#
#..# #..#
#..####
#.u...#
#.@...#
#.<...#
..........##
..........#
..........#
###.......#
#⌠#.......#
###.####..#
.... ..#


You could see a red ugly thing.

Vanquished Creatures
  Pikel (D:6)
  An ugly thing (D:9)
  A deep elf mage (D:10)
  Joseph (D:9)
  Maurice (D:8)
  Psyche (D:8)
  2 trolls
  A hippogriff (D:10)
  14 yaks (D:8)
  2 hungry ghosts (D:7)
  Grum (D:8)
  A steam dragon (D:10)
  3 wargs (D:10)
  A soldier ant (D:7)
  A water moccasin (D:4)
  Duvessa (D:5)
  4 ice beasts
  6 orc warriors
  A phantom (D:9)
  A necrophage (D:7)
  4 wolves
  11 ogres
  6 centaurs
  3 big kobolds (D:10)
  4 gnoll sergeants
  4 bullfrogs
  Dowan (D:5)
  2 wyvern skeletons
  2 scorpions
  9 killer bees
  4 howler monkeys
  4 jellies
  3 electric eels
  A centaur zombie (D:9)
  A gnoll shaman (D:5)
  4 orc priests
  2 centaur skeletons
  3 hounds
  9 orc wizards
  A bullfrog skeleton (D:10)
  2 iguanas
  5 worker ants
  A hound zombie (D:6)
  2 hound skeletons
  A worker ant zombie (D:6)
  A howler monkey zombie (D:7)
  22 gnolls
  11 adders
  8 oozes
  An adder skeleton (D:5)
  5 worms
  2 dart slugs
  8 leopard geckos
  41 orcs
  A ball python (D:3)
  8 bats
  7 giant cockroaches
  7 hobgoblins
  9 jackals
  3 quokkas
  3 frilled lizards
  13 goblins
  16 kobolds
  A quokka skeleton (D:5)
  9 rats
310 creatures vanquished.

Vanquished Creatures (others)
  3 slaves (D:6)
  A jelly (D:6)
4 creatures vanquished.

Grand Total: 314 creatures vanquished

Notes
Turn   | Place    | Note
-------+----------+-------------------------------------------
     0 | D:1      | Dantiko the Halfling Gladiator began the quest for the Orb.
     0 | D:1      | Reached XP level 1. HP: 14/14 MP: 1/1
    44 | D:1      | Reached XP level 2. HP: 5/19 MP: 2/2
   437 | D:1      | Reached XP level 3. HP: 24/24 MP: 3/3
   494 | D:1      | Reached skill level 5 in Short Blades
   798 | D:2      | Reached XP level 4. HP: 23/29 MP: 4/4
   906 | D:2      | Found a hide-covered altar of Uskayaw.
   924 | D:2      | Found a radiant altar of Vehumet.
   930 | D:2      | Became a worshipper of Uskayaw the Reveler
   963 | D:2      | Reached * piety under Uskayaw
  1259 | D:2      | Reached XP level 5. HP: 34/34 MP: 5/5
  1260 | D:2      | Found a white marble altar of Elyvilon.
  1266 | D:2      | Reached ** piety under Uskayaw
  1775 | D:3      | Reached XP level 6. HP: 9/39 MP: 6/6
  2095 | D:3      | Found a stormy altar of Qazlal.
  2174 | D:3      | Found a faded altar of an unknown god.
  2560 | D:4      | Noticed a water moccasin
  2571 | D:4      | Killed a water moccasin
  2670 | D:4      | Found a glowing silver altar of Zin.
  2768 | D:4      | Reached XP level 7. HP: 41/45 MP: 7/7
  2908 | D:4      | Reached skill level 1 in Stealth
  3192 | D:4      | Found a sparkling altar of Nemelex Xobeh.
  3199 | D:4      | Found a shimmering altar of Xom.
  3389 | D:5      | Entered Level 5 of the Dungeon
  3610 | D:5      | Reached *** piety under Uskayaw
  3832 | D:5      | Reached XP level 8. HP: 41/50 MP: 8/8
  4026 | D:5      | Noticed Dowan
  4029 | D:5      | Noticed Duvessa
  4074 | D:5      | Killed Duvessa
  4074 | D:5      | Reached skill level 10 in Short Blades
  4086 | D:5      | Killed Dowan
  4396 | D:5      | Reached skill level 5 in Dodging
  4639 | D:5      | Found a blossoming altar of Fedhas.
  4640 | D:5      | Found an ancient bone altar of Kikubaaqudgha.
  4695 | D:5      | Reached skill level 1 in Invocations
  5038 | D:6      | Noticed Pikel
  5063 | D:6      | Killed Pikel
  5063 | D:6      | Reached XP level 9. HP: 46/54 MP: 12/12
  5339 | D:6      | Reached skill level 5 in Invocations
  5687 | D:6      | Found a hazy altar of Hepliaklqana.
  5868 | D:7      | Reached **** piety under Uskayaw
  6322 | D:7      | Found a staircase to the Ecumenical Temple.
  6630 | D:7      | Reached XP level 10. HP: 45/60 MP: 15/15
  7619 | D:8      | Noticed Grum
  7670 | D:8      | Killed Grum
  7692 | D:7      | Reached skill level 10 in Stealth
  7991 | D:8      | Noticed Maurice
  8020 | D:8      | Killed Maurice
  8277 | D:8      | Noticed Psyche
  8305 | D:8      | HP: 3/60 [something (1)]
  8308 | D:8      | Killed Psyche
  9133 | D:8      | Found a glowing golden altar of the Shining One.
  9310 | D:8      | Reached XP level 11. HP: 47/64 MP: 18/18
  9487 | D:8      | Reached skill level 10 in Invocations
  9645 | D:8      | Reached ***** piety under Uskayaw
  9655 | D:8      | Reached ****** piety under Uskayaw
 10031 | D:9      | Noticed Joseph
 10077 | D:9      | Killed Joseph
 10373 | D:9      | Reached skill level 10 in Dodging
 11080 | D:10     | Entered Level 10 of the Dungeon
 11080 | D:10     | Noticed a brown ugly thing
 11138 | D:9      | Killed a brown ugly thing
 11412 | D:10     | Found a staircase to the Lair.
 11430 | D:10     | Reached skill level 1 in Armour
 12464 | D:10     | Noticed a deep elf mage
 12482 | D:10     | Killed a deep elf mage
 12521 | D:10     | Reached XP level 12. HP: 41/74 MP: 19/19
 12859 | D:10     | Found a staircase to the Orcish Mines.
 13866 | D:11     | Slain by a red ugly thing

Skill      XL: |  1  2  3  4  5  6  7  8  9 10 11 |
---------------+----------------------------------+-----
Fighting       | 2 4 |  4.1
Short Blades   | 4 5 6 7 8 9 10 | 10.1
Stealth        | 4 6 8 10 | 10.9
Dodging        | 5 6 10 | 10.0
Invocations    | 4 6 9 10 | 10.8
Armour         | 3 |  3.1
Throwing       | |  2.0

Action                   |  1- 3 |  4- 6 |  7- 9 | 10-12 || total
-------------------------+-------+-------+-------+-------++-------
Melee: Rapier            |    85 |   144 |    33 |    23 ||   285
       Dagger            |       |    68 |   290 |   784 ||  1142
Throw: Throwing net      |       |       |       |     1 ||     1
Invok: Stomp             |       |       |     1 |     2 ||     3
Evoke: Wand              |       |       |       |     7 ||     7
  Use: Scroll            |       |       |     8 |     6 ||    14
       Potion            |       |       |       |     5 ||     5
 Stab: Sleeping          |       |       |     4 |    18 ||    22
       Distracted        |       |       |     1 |     2 ||     3
       Paralysed         |       |       |     1 |     7 ||     8
       Held in net/web   |       |       |       |     1 ||     1
       Confused          |       |       |       |     1 ||     1
  Eat: Chunk             |       |     6 |    11 |    24 ||    41
       Ration            |       |       |       |     1 ||     1
Armor: Leather armour    |    10 |       |       |       ||    10
       Ring mail         |     6 |    41 |    29 |       ||    76
       Scale mail        |       |       |    25 |   105 ||   130
Dodge: Dodged            |    66 |   142 |   163 |   407 ||   778
